 Dungeon Crawl Stone Soup version 0.20.1-1-g8b1a95d (webtiles) character file.

13660 letownia2 the Reanimator (level 11, 46/97 HPs)
             Began as a Deep Dwarf Necromancer on Dec 17, 2017.
             Was an Initiate of Gozag.
             Quit the game on level 11 of the Dungeon.
             The game lasted 00:37:41 (11220 turns).

letownia2 the Reanimator (Deep Dwarf Necromancer)  Turns: 11220, Time: 00:37:42

Health: 46/97      AC: 16    Str: 10    XL:     11   Next: 78%
Magic:  16/33      EV: 11    Int: 21    God:    Gozag
Gold:   1269       SH:  0    Dex: 13    Spells: 24/28 levels left

rFire    . . .     SeeInvis .   a - +3 dagger (venom)
rCold    . . .     Gourm    .   (no shield)
rNeg     + . .     Faith    .   D - +4 ring mail "Iclad" {*Contam +Blink rN+}
rPois    .         Spirit   .   (no helmet)
rElec    +         Reflect  .   G - +1 cloak
rCorr    .         Harm     .   I - +2 pair of gloves of the Land of Plenty {rElec Str-4 Int+4}
MR       +....                  P - +1 pair of boots {Stlth+}
Stlth    ++........             (no amulet)
Regen    0.0/turn               v - ring of magical power
MPRegen  0.3/turn               h - +3 ring of slaying

@: non-regenerating
A: damage resistance, heal wounds, sense surroundings 2, no regeneration
a: Heal Wounds, Potion Petition, Call Merchant, Bribe Branch, Renounce Religion,
Evoke Blink


You were on level 11 of the Dungeon.
You worshipped Gozag.
Gozag was most pleased with you.
You were not hungry.

You visited 1 branch of the dungeon, and saw 12 of its levels.

You collected 2386 gold pieces.
You spent 304 gold pieces at shops.
You paid 813 gold pieces to Gozag.

Inventory:

Hand Weapons
 a - a +3 dagger of venom (weapon)
 b - a +0 trident of piercing
 c - a +0 blowgun
 l - a cursed -2 blowgun
 u - a +3 war axe
 Q - a +2 fustibalus of freezing
 T - a +4 hunting sling of freezing
 Y - a +0 battleaxe of electrocution
Missiles
 k - 75 bolts
 q - 46 poisoned needles
 N - 7 curare-tipped needles
 U - 45 sling bullets
Armour
 D - the +4 ring mail "Iclad" (worn) {*Contam +Blink rN+}
   (You acquired it on level 12 of the Dungeon)

   It protects you from negative energy.
   It lets you blink.
   It causes magical contamination when unequipped.
 G - a +1 cloak (worn)
 I - the +2 pair of gloves of the Land of Plenty (worn) {rElec Str-4 Int+4}
   (You bought it in a shop on level 8 of the Dungeon)

   It affects your strength (-4).
   It affects your intelligence (+4).
   It insulates you from electricity.
 P - a +1 pair of boots of stealth (worn)
 V - a +2 ring mail of magic resistance
Magical Staves
 d - an uncursed staff of death
 p - an uncursed staff of wizardry {unknown}
Jewellery
 h - a +3 ring of slaying (right hand)
 v - a ring of magical power (left hand)
 y - an uncursed ring of magical power
Wands
 C - a wand of lightning (12/15)
 E - a wand of acid (6/15)
 H - a wand of confusion (22/48)
 J - a wand of paralysis (15/24)
 M - a wand of flame (39/48)
 O - a wand of enslavement (3/24)
 Z - a wand of flame (21/48)
Scrolls
 e - 4 scrolls of recharging
 g - a scroll of immolation
 i - 6 scrolls of identify
 m - 3 scrolls of blinking
 o - 2 scrolls of teleportation
 x - a scroll of remove curse
 F - a scroll of fear
 X - a scroll of fog {unknown}
Potions
 f - a potion of ambrosia
 n - 3 potions of heal wounds {unknown}
 s - 3 potions of flight {unknown}
 t - a potion of mutation
 z - a potion of resistance
 A - 8 potions of curing
 B - a potion of cancellation
 L - a potion of agility
 R - 2 potions of degeneration
 S - a potion of haste
 W - a potion of magic
Miscellaneous
 j - a fan of gales
 w - a box of beasts
Comestibles
 r - 3 bread rations


   Skills:
 - Level 6.0 Fighting
 + Level 7.0 Axes
 - Level 2.6 Armour
 - Level 2.1 Dodging
 - Level 2.4 Stealth
 - Level 9.1 Spellcasting
 + Level 13.3 Necromancy
 - Level 6.0 Evocations


You had 24 spell levels left.
You knew the following spells:

 Your Spells              Type           Power        Failure   Level  Hunger
a - Pain                  Necr           ####         1%          1    None
v - Vampiric Draining     Necr           ######....   1%          3    None


Dungeon Overview and Level Annotations

Branches:
Dungeon (12/15)            Temple (0/1) D:6            Lair (0/6) D:11
    Orc (0/2) D:12

Altars:
Ashenzari
Elyvilon
Fedhas
Gozag
Kikubaaqudgha
Makhleb
Nemelex Xobeh
Okawaru
Qazlal
Trog
Uskayaw
Xom

Shops:
D:8 [

Annotations:
D:7 1 transporter, 1 runed door, exclusion: phantom, Menkaure
D:11 exclusion: yak


Innate Abilities, Weirdness & Mutations

You are resistant to damage.
You can heal yourself by infusing magical energy.
You passively map the area around you.
You do not regenerate.


Message History

Aiming: Vampiric Draining
Press: ? - help, Shift-Dir - straight line, f/p - bullfrog
Aim: a bullfrog (heavily wounded)
The bullfrog is almost dead.
You feel life coursing into your body. The bullfrog closely misses you. x2
Casting: Vampiric Draining
Confirm with . or Enter, or press ? or * to list all spells.
Aiming: Vampiric Draining
Press: ? - help, Shift-Dir - straight line, f/p - bullfrog
Aim: a bullfrog (almost dead)
You kill the bullfrog!
You feel life coursing into your body.
Casting: Vampiric Draining
Confirm with . or Enter, or press ? or * to list all spells.
You can't see any susceptible monsters within range! (Use Z to cast anyway.)
You see here 6 gold pieces.
You see here 6 gold pieces.
You now have 1269 gold pieces (gained 6).
Autopickup is now on.
Are you sure you want to abandon this character and quit the game? (Confirm with "yes".)

############# #...........#
###### ### #...........#
#....# #.. #...........#
#....# #..
#.........@.#######'######.
#.....<....>.........#..##'
#....................'.....
#....................#.....
#.................)..#.Y###
#########....#####)####'###
#....'...[...#.....
#....#.......#.....
#....#......#######


There were no monsters in sight!

Vanquished Creatures
  A hydra (D:12)
  2 two-headed ogres
  Sonja (D:11)
  2 ugly things (D:12)
  Joseph (D:8)
  4 kobold demonologists (D:12)
  A komodo dragon (D:11)
  A troll (D:12)
  A hippogriff (D:9)
  8 yaks
  A wraith (D:11)
  Grum (D:9)
  A steam dragon (D:11)
  An acid dragon (D:11)
  4 water moccasins
  3 porcupines (D:11)
  2 sky beasts
  4 ice beasts
  2 black bears
  5 ogres
  2 phantoms
  3 centaurs
  4 wolves (D:9)
  3 crocodiles (D:11)
  A big kobold (D:12)
  A gnoll sergeant (D:10)
  7 bullfrogs
  7 scorpions
  10 killer bees
  9 wights
  2 electric eels (D:8)
  2 howler monkeys (D:8)
  3 centaur zombies
  5 bullfrog zombies
  8 crimson imps
  3 jellies
  4 bullfrog skeletons
  2 hounds (D:8)
  Crazy Yiuf (D:7)
  4 orc priests
  10 orc wizards
  4 centaur skeletons
  A gnoll shaman (D:7)
  An iguana (D:9)
  9 worker ants
  A howler monkey zombie (D:9)
  12 gnolls
  15 adders
  2 shadow imps
  An ooze (D:4)
  An adder skeleton (D:9)
  A worm (D:3)
  2 dart slugs
  4 leopard geckos
  29 orcs
  A ball python (D:5)
  2 bats
  7 giant cockroaches
  4 goblins
  9 hobgoblins
  9 jackals
  14 kobolds
  3 quokkas
  2 frilled lizards (D:2)
  2 jackal skeletons
  A leopard gecko zombie (D:8)
  8 rats
  A fungus (D:11)
283 creatures vanquished.

Vanquished Creatures (others)
  6 fungi (D:11)
6 creatures vanquished.

Grand Total: 289 creatures vanquished

Notes
Turn   | Place    | Note
-------+----------+-------------------------------------------
     0 | D:1      | letownia2 the Deep Dwarf Necromancer began the quest for the Orb.
     0 | D:1      | Reached XP level 1. HP: 15/15 MP: 3/3
   248 | D:2      | Reached XP level 2. HP: 20/22 MP: 0/5
   406 | D:2      | Found a shattered altar of Ashenzari.
   499 | D:3      | Found a hide-covered altar of Uskayaw.
   584 | D:4      | Found a blossoming altar of Fedhas.
   705 | D:4      | Found an opulent altar of Gozag.
   710 | D:4      | Found a shimmering altar of Xom.
   711 | D:4      | Found an ancient bone altar of Kikubaaqudgha.
   711 | D:4      | Found a burning altar of Makhleb.
   711 | D:4      | Found a bloodstained altar of Trog.
   820 | D:3      | Reached skill level 5 in Necromancy
   920 | D:3      | Found a stormy altar of Qazlal.
  1004 | D:3      | Reached XP level 3. HP: 18/28 MP: 0/6
  1009 | D:3      | Learned a level 3 spell: Vampiric Draining
  1102 | D:4      | Noticed a water moccasin
  1309 | D:4      | Became a worshipper of Gozag Ym Sagoz the Greedy
  1474 | D:4      | Found a sparkling altar of Nemelex Xobeh.
  1663 | D:4      | Reached XP level 4. HP: 26/36 MP: 0/8
  1910 | D:3      | Reached XP level 5. HP: 27/42 MP: 2/10
  2412 | D:3      | Reached skill level 6 in Necromancy
  3249 | D:5      | Entered Level 5 of the Dungeon
  3274 | D:5      | Noticed an ice beast
  3282 | D:5      | Killed an ice beast
  3282 | D:5      | Reached XP level 6. HP: 27/49 MP: 11/12
  3391 | D:5      | Reached skill level 7 in Necromancy
  3470 | D:5      | Reached XP level 7. HP: 48/55 MP: 5/13
  3540 | D:5      | Reached skill level 8 in Necromancy
  4071 | D:6      | Found a staircase to the Ecumenical Temple.
  4235 | D:6      | Reached skill level 9 in Necromancy
  4325 | D:6      | Reached skill level 1 in Fighting
  4325 | D:6      | Reached skill level 1 in Armour
  4545 | D:6      | Found an iron altar of Okawaru.
  4545 | D:6      | Found a white marble altar of Elyvilon.
  4660 | D:6      | Reached XP level 8. HP: 8/64 MP: 14/14
  4817 | D:7      | Found a transporter.
  4906 | D:7      | Found a runed door.
  5006 | D:7      | Noticed Crazy Yiuf
  5010 | D:7      | Killed Crazy Yiuf
  5112 | D:7      | Reached skill level 1 in Evocations
  5134 | D:7      | Reached skill level 5 in Spellcasting
  5142 | D:7      | HP: 1/67 [shadow imp/nerve-wracking pain (4)]
  5513 | D:7      | Found a runed door.
  5588 | D:7      | Noticed Menkaure
  5933 | D:8      | Found a transporter.
  5948 | D:8      | Found a burning altar of Makhleb.
  6148 | D:8      | Found a transporter.
  6159 | D:8      | Noticed Joseph
  6179 | D:8      | Killed Joseph
  6179 | D:8      | Gained mutation: You passively map the area around you. [Deep Dwarf growth]
  6179 | D:8      | Reached XP level 9. HP: 59/73 MP: 6/19
  6621 | D:8      | Bought a pair of faintly glowing gloves for 304 gold pieces
  6626 | D:8      | Identified the +2 pair of gloves of the Land of Plenty {rElec Str-4 Int+4} (You bought it in a shop on level 8 of the Dungeon)
  6910 | D:9      | Noticed Grum
  6926 | D:9      | Noticed a two-headed ogre
  6932 | D:9      | Killed Grum
  6979 | D:9      | Reached skill level 5 in Evocations
  7549 | D:9      | Reached XP level 10. HP: 73/80 MP: 23/23
  7637 | D:10     | Entered Level 10 of the Dungeon
  7656 | D:10     | Killed a two-headed ogre
  7656 | D:10     | Reached skill level 10 in Necromancy
  8204 | D:10     | Found a shimmering altar of Xom.
  8207 | D:10     | Found a shimmering altar of Xom.
  8217 | D:10     | Found a shimmering altar of Xom.
  8218 | D:10     | Found a shimmering altar of Xom.
  8218 | D:10     | Found a shimmering altar of Xom.
  8674 | D:11     | Noticed Sonja
  8687 | D:11     | Killed Sonja
  8724 | D:11     | Reached skill level 11 in Necromancy
  8727 | D:11     | Found a staircase to the Lair.
  8765 | D:11     | Reached skill level 5 in Fighting
  9603 | D:11     | Reached skill level 1 in Axes
  9603 | D:11     | Reached XP level 11. HP: 85/97 MP: 24/24
 10155 | D:12     | Reached skill level 12 in Necromancy
 10612 | D:12     | Noticed a two-headed ogre
 10632 | D:12     | Reached skill level 5 in Axes
 10638 | D:12     | Killed a two-headed ogre
 10664 | D:12     | Noticed a seven-headed hydra
 10760 | D:12     | Killed a seven-headed hydra
 10760 | D:12     | Reached skill level 13 in Necromancy
 10885 | D:12     | Identified a scroll of acquirement
 10886 | D:12     | Got a smoking ring mail
 10897 | D:12     | Identified the +4 ring mail "Iclad" {*Contam +Blink rN+} (You acquired it on level 12 of the Dungeon)
 11052 | D:12     | Noticed a red ugly thing
 11058 | D:12     | Noticed a purple ugly thing
 11065 | D:12     | Killed a red ugly thing
 11076 | D:12     | Killed a purple ugly thing
 11084 | D:12     | Found a staircase to the Orcish Mines.
 11220 | D:11     | Quit the game

Skill      XL: |  1  2  3  4  5  6  7  8  9 10 11 |
---------------+----------------------------------+-----
Spellcasting   | 2 3 4 7 9 |  9.1
Necromancy     | 5 6 7 9 11 13 | 13.3
Fighting       | 1 2 6 |  6.0
Armour         | 2 |  2.6
Evocations     | 4 6 |  6.0
Axes           | 1 7 |  7.0
Dodging        | |  2.1
Stealth        | |  2.4

Action                   |  1- 3 |  4- 6 |  7- 9 | 10-12 || total
-------------------------+-------+-------+-------+-------++-------
Melee: Short sword       |    11 |       |       |       ||    11
       Dagger            |       |    19 |   342 |   388 ||   749
       Trident           |       |       |     3 |    10 ||    13
       Fustibalus        |       |       |       |     1 ||     1
 Fire: Hunting sling     |       |       |       |    17 ||    17
       Fustibalus        |       |       |       |     6 ||     6
 Cast: Pain              |    38 |   101 |    18 |     6 ||   163
       Vampiric Draining |     1 |     9 |    93 |   134 ||   237
Invok: Call Merchant     |       |       |     1 |       ||     1
Evoke: Wand              |       |       |     7 |    31 ||    38
  Use: Scroll            |       |     4 |     9 |    12 ||    25
       Potion            |       |       |       |     1 ||     1
 Stab: Confused          |       |       |     2 |     1 ||     3
       Sleeping          |       |       |     2 |       ||     2
       Paralysed         |       |       |       |     2 ||     2
  Eat: Chunk             |     1 |       |       |       ||     1
       Meat ration       |     1 |       |     1 |     2 ||     4
       Bread ration      |       |     1 |     2 |       ||     3
       Royal jelly       |       |       |     1 |     2 ||     3
Armor: Robe              |     2 |       |       |       ||     2
       Ring mail         |     3 |    13 |   165 |   231 ||   412
Dodge: Dodged            |    35 |    19 |   222 |   268 ||   544
